 Dungeon Crawl Stone Soup version 0.29.0-4-gdea44cf6ec (webtiles) character file.

Game seed: 16425683487686797429

39 qw the Chopper (level 3, -1/21 HPs)
             Began as a Tengu Warper on Aug 28, 2022.
             Killed from afar by Natasha (6 damage)
             ... with a magic dart
             ... on level 2 of the Dungeon.
             The game lasted 00:00:08 (2314 turns).

qw the Chopper (Tengu Warper)                       Turns: 2314, Time: 00:00:09

Health: -1/21      AC:  3    Str: 13    XL:     3   Next: 45%
Magic:  7/7        EV: 12    Int: 13    God:
Gold:   35         SH:  5    Dex: 13    Spells: 6/6 levels left

rFire   + . .      SeeInvis .   Y - +0 hand axe
rCold   + . .      Faith    .   (no shield)
rNeg    . . .      Spirit   .   f - +1 robe {rC+ rF+}
rPois   .          Reflect  +   (helmet restricted)
rElec   .          Harm     .   (no cloak)
rCorr   .          Rampage  .   (no gloves)
Will    .....                   (boots unavailable)
Stlth   +.........              e - amulet of reflection
HPRegen 0.07/turn               (no ring)
MPRegen 0.10/turn               (no ring)

@: about to teleport
A: beak, talons 3
a: no special abilities


You were on level 2 of the Dungeon.
You visited 1 branch of the dungeon, and saw 2 of its levels.

You collected 35 gold pieces.


Innate Abilities, Weirdness & Mutations

You have a beak for a mouth.
You have claws for feet.


   Skills:
 - Level 2.0 Fighting
 + Level 4.1 Axes
 - Level 1.0 Throwing
 - Level 1.1 Armour
 - Level 2.1 Dodging
 - Level 2.0 Spellcasting
 - Level 2.4 Translocations


You had 6 spell levels left.
You didn't know any spells.
Your spell library contained the following spells:

 Spells                   Type           Power      Damage    Failure   Level
 Blink                    Tloc           14%        N/A       14%         2
 Gell's Gravitas          Tloc           7%         N/A       28%         3
 Lesser Beckoning         Tloc           7%         N/A       28%         3
 Teleport Other           Tloc           7%         N/A       28%         3
 Manifold Assault         Tloc           7%         N/A       95%         5

Inventory:

Hand Weapons
 k - a +0 whip
 Y - a +0 hand axe (weapon)
Armour
 b - a +0 leather armour
 c - a +0 chain mail
 f - a +1 robe of resistance (worn)
Jewellery
 e - an amulet of reflection (around neck)
 h - a ring of fire
Scrolls
 d - a scroll of identify {unknown}
Potions
 g - a potion of might {unknown}
 i - a potion of mutation {unknown}

Dungeon Overview and Level Annotations

Branches:
Dungeon (2/15)

Altars:

Annotations:
D:2 Natasha


Message History

You hit the jackal.
You kill the jackal!
You start resting.
Natasha is nearby!
2151 ||| FLEEEEING.
2152 ||| FLEEEEING.
You start resting.
HP restored.
You see here a jackal corpse.
A jackal comes into view.
2292 ||| Stepping ~*~*~tactically~*~*~ (stealth).
Things that are here:
a +0 club; an adder skeleton; a goblin skeleton You now have 35 gold pieces (gained 5).
Natasha hisses angrily.
2305 ||| Stepping ~*~*~tactically~*~*~ (hiding).
2306 ||| Stepping ~*~*~tactically~*~*~ (hiding).
You start waiting.
Natasha is nearby!
You completely miss Natasha.
Natasha mumbles some strange words.
You hit Natasha.
Natasha is heavily wounded.
Natasha claws you.
You hit Natasha but do no damage.
Natasha is heavily wounded.
Natasha zaps a wand.
The puff of flame hits you. You resist.
You closely miss Natasha.
Natasha is heavily wounded.
Natasha stares at you and mumbles some strange words.
The magic dart hits you!
You closely miss Natasha.
Natasha is heavily wounded.
Natasha zaps a wand.
The puff of flame hits you. You resist.
2314 ||| READING scroll of teleportation.
As you read the scroll of teleportation, it crumbles to dust.
You feel strangely unstable.
Natasha stares at you and mumbles some strange words.
The magic dart hits you.
You die...

~~# .# ##
###.#####.#
~.. 8#........
#~~# ~~.......
#~..~##~.....
~~$.~#.~...#
~~..~~5~..#
#h.#.#
#@...###.# ~.
#.~......# h
##~.)#####
#~~#...##
#~8#~...#
..##~#..#.# #
# #.~~~.~##.#
.#.
#......######
#.#
###.#.......##
#


You could see an iron imp (summoned) and Natasha.

Vanquished Creatures
  An adder (D:2)
  A worm (D:2)
  A dart slug (D:2)
  3 ball pythons
  3 bats
  4 goblins
  2 hobgoblins (D:1)
  A jackal (D:2)
  A kobold (D:2)
  A quokka (D:1)
  3 frilled lizards
  3 rats
  A spectral goblin (D:2)
25 creatures vanquished.

Notes
Turn   | Place    | Note
-------+----------+-------------------------------------------
     0 | D:1      | qw the Tengu Warper began the quest for the Orb.
     0 | D:1      | Reached XP level 1. HP: 12/12 MP: 4/4
     0 | D:1      | 0 ||| qw: Version: 0.1-a-89-g26bdef1
     0 | D:1      | 0 ||| qw: Game counter: 1201
     0 | D:1      | 0 ||| qw: Always use a shield: true
     0 | D:1      | 0 ||| qw: God list: Okawaru
     0 | D:1      | 0 ||| qw: Allow faded altars: false
     0 | D:1      | 0 ||| qw: Do Orc after D:15 true
     0 | D:1      | 0 ||| qw: Do second Lair branch before Depths: true
     0 | D:1      | 0 ||| qw: Lair rune preference: random
     0 | D:1      | 0 ||| qw: Plans: Normal
     0 | D:1      | 0 ||| PLANNING D:1-11
   314 | D:1      | Reached skill level 3 in Axes
   314 | D:1      | Reached XP level 2. HP: 9/17 MP: 6/6
   947 | D:1      | 947 ||| DROPPING +0 club.
  1153 | D:1      | 1153 ||| UPGRADING to +1 robe of resistance.
  1163 | D:1      | 1163 ||| UPGRADING to amulet of reflection.
  1168 | D:1      | 1168 ||| READING 2 scrolls labelled KEDOUGGAOS.
  1172 | D:1      | 1172 ||| DRINKING 2 fuming inky potions.
  1173 | D:1      | 1173 ||| DROPPING scroll of blinking.
  1174 | D:1      | 1174 ||| DROPPING potion of brilliance.
  1227 | D:2      | 1227 ||| Stepping ~*~*~tactically~*~*~ (stealth).
  1242 | D:2      | 1242 ||| Stepping ~*~*~tactically~*~*~ (stealth).
  1380 | D:2      | 1380 ||| FLEEEEING.
  1381 | D:2      | 1381 ||| FLEEEEING.
  1382 | D:2      | 1382 ||| FLEEEEING.
  1573 | D:2      | 1573 ||| Stepping ~*~*~tactically~*~*~ (hiding).
  1675 | D:2      | 1675 ||| Stepping ~*~*~tactically~*~*~ (hiding).
  1777 | D:2      | 1777 ||| Stepping ~*~*~tactically~*~*~ (hiding).
  1884 | D:2      | Reached XP level 3. HP: 21/21 MP: 7/7
  2061 | D:2      | Reached skill level 4 in Axes
  2067 | D:2      | Noticed Natasha
  2068 | D:2      | 2068 ||| FLEEEEING.
  2099 | D:2      | 2099 ||| FLEEEEING.
  2151 | D:2      | 2151 ||| FLEEEEING.
  2152 | D:2      | 2152 ||| FLEEEEING.
  2292 | D:2      | 2292 ||| Stepping ~*~*~tactically~*~*~ (stealth).
  2305 | D:2      | 2305 ||| Stepping ~*~*~tactically~*~*~ (hiding).
  2306 | D:2      | 2306 ||| Stepping ~*~*~tactically~*~*~ (hiding).
  2313 | D:2      | HP: 5/21 [Natasha/puff of flame (3)]
  2314 | D:2      | 2314 ||| READING scroll of teleportation.
  2314 | D:2      | Killed from afar by Natasha

Levels and vault maps discovered:
D:1:      dpeg_arrival_fog, layout_basic
D:2:      layout_loops_ring, dreamdust_ecumenical_altar_drowned_temple,
          serial_shops, shop, uniq_natasha

Skill      XL: |  1  2  3 |
---------------+----------+-----
Axes           | 3 4 |  4.1
Fighting       | |  2.0
Throwing       | |  1.0
Armour         | |  1.1
Dodging        | |  2.1
Spellcasting   | |  2.0
Translocations | |  2.4

Action                   || total
-------------------------++-------
Melee: Hand axe          ||    67
       Kick              ||    13
       Peck              ||     3
Throw: Boomerang         ||     7
  Use: Scroll            ||     2
       Potion            ||     1
 Stab: Distracted        ||     1
Armor: Leather armour    ||     7
       Robe              ||     4
Dodge: Dodged            ||    32
Block: Other             ||     3

Table legend:
 A = Non-vault XP
 B = Vault XP
 C = Vault XP percentage of total XP
 D = Non-vault monster count
 E = Vault monster count
 F = Vault count percentage of total count
                 A         B        C        D         E       F
            +---------+---------+-------+---------+---------+-------
      Total |      55 |       1 |   1.8 |      24 |       1 |   4.0
            +---------+---------+-------+---------+---------+-------
        D:1 |      22 |       0 |   0.0 |      13 |       0 |   0.0
        D:2 |      33 |       1 |   2.9 |      11 |       1 |   8.3
            +---------+---------+-------+---------+---------+-------
